 Dungeon Crawl Stone Soup version 0.27.0-1-g7a089689b8 (webtiles) character file.

Game seed: 2014891950671307568

101 Araneus the Cudgeller (level 4, -1/35 HPs)
             Began as a Demonspawn Fighter on Aug 3, 2021.
             Slain by an orc (5 damage)
             ... on level 3 of the Dungeon.
             The game lasted 00:04:37 (3011 turns).

Araneus the Cudgeller (Demonspawn Fighter)          Turns: 3011, Time: 00:04:38

Health: -1/35      AC:  8    Str: 14 (17) XL:     4   Next: 48%
Magic:  4/4        EV:  3    Int:  9 (10) God:
Gold:   69         SH:  8    Dex: 11 (12) Spells: 3/3 levels left

rFire    + + .     SeeInvis .   a - +0 flail
rCold    + . .     Faith    .   c - +0 kite shield
rNeg     . . .     Spirit   .   e - +0 chain mail
rPois    +         Reflect  .   (no helmet)
rElec    +         Harm     .   (no cloak)
rCorr    +         Rampage  .   (no gloves)
Will     .....                  (no boots)
Stlth    ..........             (no amulet)
HPRegen  0.11/turn              h - ring of protection from fire
MPRegen  0.09/turn              (no ring)

@: resistant
A: powered by pain 1
a: no special abilities


You were on level 3 of the Dungeon.
You visited 1 branch of the dungeon, and saw 3 of its levels.

You collected 69 gold pieces.

Inventory:

Hand Weapons
 a - a +0 flail (weapon)
Armour
 c - a +0 kite shield (worn)
 e - a +0 chain mail (worn)
Jewellery
 h - a ring of protection from fire (left hand)
Scrolls
 b - a scroll of fear {unknown}
 f - 2 scrolls of identify {unknown}
 k - a scroll of immolation {unknown}
 l - a scroll of noise {unknown}
Potions
 d - a potion of might
 j - a potion of berserk rage {unknown}
 m - 2 potions of heal wounds {unknown}


   Skills:
 - Level 3.0 Fighting
 + Level 4.3 Maces & Flails
 - Level 2.6 Armour
 - Level 2.6 Shields


You had 3 spell levels left.
You didn't know any spells.
Your spell library contained the following spells:

 Spells                   Type           Power      Damage    Failure   Level
 Passwall                 Tmut/Erth      0%         N/A       100%        2
 Stone Arrow              Conj/Erth      0%         3d7       100%        3
 Summon Guardian Golem    Hex/Summ       0%         N/A       100%        3
 Iskenderun's Mystic Bla  Conj/Tloc      0%         2d3       100%        4
 Manifold Assault         Tloc           0%         N/A       100%        5
 Orb of Destruction       Conj           0%         N/A       100%        7
 Spellforged Servitor     Conj/Summ      0%         N/A       100%        7


Dungeon Overview and Level Annotations

Branches:
Dungeon (3/15)

Altars:

Shops:
D:2 (   D:3 =


Innate Abilities, Weirdness & Mutations

You sometimes gain a little power by taking damage.


Message History

The orc hits you with a +0 whip.
You barely miss the orc.
The orc is lightly wounded.
The adder hisses angrily.
You block the orc's attack.
You closely miss the orc. The orc hits you with a +0 falchion.
You barely miss the orc. You block the orc's attack. x2
You closely miss the adder. The adder bites you but does no damage.
You block the orc's attack. You block the adder's attack.
You barely miss the adder. The adder bites you but does no damage.
The orc hits you with a +0 falchion. The adder bites you.
You are poisoned.
The adder poisons you! The orc hits you with a +0 falchion.
You barely miss the adder.
You feel sick. The adder barely misses you.
The orc hits you with a +0 falchion. You block the adder's attack.
You barely miss the adder.
You feel sick. The adder bites you. You block the orc's attack.
The adder barely misses you.
You miss the adder.
You feel sick. You block the orc's attack. The adder bites you.
* * * LOW HITPOINT WARNING * * *
The orc hits you with a +0 falchion.
* * * LOW HITPOINT WARNING * * *
You closely miss the adder.
You feel sick.
You are no longer poisoned.
The adder bites you but does no damage. The orc hits you but does no damage.
You block the adder's attack.
You barely miss the adder. You block the adder's attack.
You block the orc's attack. The adder bites you.
* * * LOW HITPOINT WARNING * * *
The orc hits you with a +0 falchion.
* * * LOW HITPOINT WARNING * * *
It was a potion of resistance.
You feel protected. The adder bites you but does no damage.
The orc barely misses you.
It was a potion of degeneration.
There was something very wrong with that liquid.
You feel weakened.
You feel dopey.
You feel clumsy. The adder bites you but does no damage.
The adder barely misses you. The orc hits you with a +0 falchion.
You die...

#.#.## #.######...#.#####.#
#.#.#.....>...............#
#.#.#.##.#.<.............#
#.#.#.##.#.###.#.##.####.#
#.#.#.##.# #.#.##.#
#.#.#.##.# #.#.##.#
#.#.#.##.#.# #.#∩##.#
....<......# #S##.#
.....<...# #@##.#
#.#.#.#### #o##.# #.#.#.#
#o##.# #.#.#.# .o. #.#.#.#
... #.#.#.. ...## #.#.###
#### #.#.# #.#.#


You could see an orc wizard, an adder and 2 orcs.

Vanquished Creatures
  A bullfrog skeleton (D:2)
  3 adders (D:2)
  A worm (D:2)
  2 ball pythons (D:1)
  5 endoplasms
  A giant cockroach (D:2)
  8 goblins
  A hobgoblin (D:1)
  3 jackals (D:1)
  2 quokkas (D:1)
  2 bats (D:2)
  3 frilled lizards
  6 kobolds
  5 rats
43 creatures vanquished.

Notes
Turn   | Place    | Note
-------+----------+-------------------------------------------
     0 | D:1      | Araneus the Demonspawn Fighter began the quest for the Orb.
     0 | D:1      | Reached XP level 1. HP: 18/18 MP: 1/1
    85 | D:1      | Reached skill level 2 in Maces & Flails
   313 | D:1      | Gained mutation: You sometimes gain a little power by
                  | taking damage. [demonic ancestry]
   313 | D:1      | Reached XP level 2. HP: 23/24 MP: 2/2
   983 | D:1      | Reached skill level 3 in Maces & Flails
  1479 | D:2      | Reached XP level 3. HP: 13/29 MP: 3/3
  1921 | D:2      | Reached XP level 4. HP: 34/35 MP: 4/4
  1955 | D:2      | Reached skill level 4 in Maces & Flails
  2654 | D:2      | Found Extizxy's Antique Weapon Shoppe.
  2964 | D:3      | Got Sif Muna's Incunabulum of Earthen Orientation
  2982 | D:3      | Found Ziligeo's Jewellery Emporium.
  3011 | D:3      | Slain by an orc

Illustrated notes

Levels and vault maps discovered:
D:1:      dpeg_arrival_tiny_i, layout_loops_ring
D:2:      layout_basic, serial_shops, nicolae_lakefront_shop
D:3:      layout_loops_ring, serial_shops, shop

Skill      XL: |  1  2  3  4 |
---------------+-------------+-----
Maces & Flails | 2 3 4 |  4.3
Fighting       | |  3.0
Armour         | |  2.6
Shields        | |  2.6

Action                   |  1- 3 |  4- 6 || total
-------------------------+-------+-------++-------
Melee: Flail             |   125 |    71 ||   196
  Use: Potion            |       |     2 ||     2
Armor: Chain mail        |    83 |    48 ||   131
       Scale mail        |     4 |       ||     4
Dodge: Dodged            |    37 |    15 ||    52
Block: Kite shield       |    72 |    54 ||   126
